 Dungeon Crawl Stone Soup version 0.29-a0-340-g6efceafd81 (webtiles) character file.

Game seed: 1074568002748645855

70 Cecur the Conjurer (level 4, -2/21 HPs)
             Began as a Vine Stalker Conjurer on Apr 20, 2022.
             Was a Believer of Uskayaw.
             Slain by an orc wizard
             ... wielding a +0 dagger
              (3 damage)
             ... on level 3 of the Dungeon.
             The game lasted 00:03:44 (3130 turns).

Cecur the Conjurer (Vine Stalker Conjurer)          Turns: 3130, Time: 00:03:44

Health: -2/21      AC:  5    Str:  9    XL:     4   Next: 22%
Magic:  0/9        EV: 12    Int: 20    God:    Uskayaw [**....]
Gold:   115        SH:  0    Dex: 13    Spells: 7/8 levels left

rFire   . . .      SeeInvis .   e - +0 short sword (venom)
rCold   . . .      Faith    .   (no shield)
rNeg    . . .      Spirit   +   a - +0 robe
rPois   .          Reflect  .   (no helmet)
rElec   .          Harm     .   (no cloak)
rCorr   .          Rampage  .   (no gloves)
Will    .....                   j - +2 pair of boots
Stlth   ++........              (no amulet)
HPRegen 0.87/turn               (no ring)
MPRegen 0.11/turn               (no ring)

@: no status effects
A: fangs 2, regeneration 1, magic shield, antimagic bite, no potion heal 2
a: Renounce Religion, Stomp, Line Pass


You were on level 3 of the Dungeon.
You worshipped Uskayaw.
Uskayaw was noncommittal.
You visited 1 branch of the dungeon, and saw 3 of its levels.

You collected 115 gold pieces.

Inventory:

Hand Weapons
 e - a +0 short sword of venom (weapon)
Armour
 a - a +0 robe (worn)
 j - a +2 pair of boots (worn)
Scrolls
 c - a scroll of blinking {unknown}
 g - a scroll of amnesia {unknown}
 i - 2 scrolls of identify {unknown}
 k - 2 scrolls of silence {unknown}
 l - a scroll of fear {unknown}
 m - a scroll of magic mapping {unknown}
Potions
 b - a potion of magic
 d - a potion of curing {unknown}
 f - a potion of flight {unknown}
 h - a potion of berserk rage {unknown}


   Skills:
 - Level 0.2 Short Blades
 - Level 1.7 Dodging
 - Level 2.6 Stealth
 * Level 2.8 Spellcasting
 * Level 5.1 Conjurations


You had 7 spell levels left.
You knew the following spells:

 Your Spells              Type           Power      Damage    Failure   Level
a - Magic Dart            Conj           92%        1d7       1%          1

Your spell library contained the following spells:

 Spells                   Type           Power      Damage    Failure   Level
 Searing Ray              Conj           46%        2d6       2%          2
 Dazzling Flash           Conj/Hex       26%        N/A       16%         3
 Fulminant Prism          Conj/Hex       6%         3d7       45%         4
 Iskenderun's Mystic Bla  Conj/Tloc      13%        2d5       45%         4


Dungeon Overview and Level Annotations

Branches:
Dungeon (3/15)

Altars:
Uskayaw
Xom
Zin


Innate Abilities, Weirdness & Mutations

You have extremely sharp teeth.
Your natural rate of healing is unusually fast.
When hurt, damage is shared between your health and your magic reserves.
Your bite disrupts and absorbs the magic of your enemies.
Potions cannot restore your health.


Message History

You are too injured to fight recklessly!
You are too injured to fight recklessly!
You closely miss the orc. Your bite misses the orc.
The orc is lightly wounded.
You hit the orc but do no damage.
The orc is poisoned.
The orc is lightly wounded.
You closely miss the orc. You bite the orc. You drain its power.
You feel invigorated.
The orc is heavily wounded.
Something hits you but does no damage. The orc hits you with a +0 club.
You barely miss the orc. You bite the orc. You drain its power.
You feel invigorated.
The orc is almost dead.
You kill the orc!
Something hits you.
The orc priest calls down the wrath of Beogh upon you.
Pain shoots through your body! Something hits you.
* * * LOW HITPOINT WARNING * * *
The orc priest closely misses you.
Items here: ! $ ) [.
The orc priest blocks your attack. x2
The orc priest calls down the wrath of Beogh upon you.
You struggle to resist.
Something hits you but does no damage. The orc priest barely misses you.
You hit the orc priest.
The orc priest is poisoned.
Your punch misses the orc priest. You bite the orc priest. You drain its power.
You feel invigorated.
The orc priest is heavily wounded.
The orc priest invokes the aid of Beogh against you.
Pain shoots through your body!
* * * LOW HITPOINT WARNING * * *
The orc priest completely misses you.
You hear some strange, mumbled words.
A magic dart appears from out of thin air!
The magic dart hits you.
* * * LOW HITPOINT WARNING * * *
The orc priest hits you with a +0 mace.
* * * LOW HITPOINT WARNING * * *
The orc priest barely misses you. Something hits you.
You die...

##..#### ^. ###
##....# ...
..#######.#
..##.....###.####
##...##.†.......####
###.|........#.......#
...<.................#
##......{............#
......o@......########
###...o.)....##
##..####..## ### ####


You could see 2 orc priests.

Vanquished Creatures
  An adder (D:2)
  2 worms (D:2)
  3 dart slugs
  3 orcs (D:3)
  4 bats
  2 endoplasms (D:3)
  5 giant cockroaches
  6 goblins
  4 hobgoblins
  4 kobolds
  A quokka (D:2)
  3 ball pythons
  3 frilled lizards
  A rat (D:1)
42 creatures vanquished.

Vanquished Creatures (others)
  10 plants
10 creatures vanquished.

Grand Total: 52 creatures vanquished

Notes
Turn   | Place    | Note
-------+----------+-------------------------------------------
     0 | D:1      | Cecur the Vine Stalker Conjurer began the quest for the
                  | Orb.
     0 | D:1      | Reached XP level 1. HP: 9/9 MP: 4/4
   196 | D:1      | Found a faded altar of an unknown god.
   212 | D:1      | Prayed at the altar of an unknown god.
   212 | D:1      | Became a worshipper of Uskayaw the Reveller
   212 | D:1      | Reached * piety under Uskayaw
   389 | D:1      | Reached XP level 2. HP: 13/13 MP: 1/6
   457 | D:1      | Reached ** piety under Uskayaw
   462 | D:1      | Reached *** piety under Uskayaw
   740 | D:1      | You fall into a shaft and drop 1 floor!
  1211 | D:2      | Reached XP level 3. HP: 13/16 MP: 3/7
  2844 | D:3      | Found a glowing silver altar of Zin.
  2846 | D:3      | Noticed an angel
  2850 | D:3      | Found a shimmering altar of Xom.
  2856 | D:3      | Reached skill level 5 in Conjurations
  2861 | D:3      | Gained mutation: Your natural rate of healing is unusually
                  | fast. [Vine Stalker growth]
  2861 | D:3      | Reached XP level 4. HP: 21/21 MP: 1/8
  3130 | D:3      | HP: 1/21 [orc priest/+0 mace (4)]
  3130 | D:3      | Slain by an orc wizard

Illustrated notes

Levels and vault maps discovered:
D:1:      lightli_arrival_chessboard, layout_rooms, serial_curves,
          eino_curves_01, eino_curves_01, dreamdust_ecumenical_altar_statues,
          hex_large, amcnicky_mini_rare_corridor_liquid, grunt_decor_resistance
D:2:      layout_loops_corners, serial_bayou, serial_bayou_lake_a,
          serial_bayou_crossing, serial_bayou_pond_b, serial_bayou_pond_b,
          serial_bayou_shore_b, chequers_serial_rivers_small_b
D:3:      layout_rooms, grunt_temple_overflow_order_and_chaos_1,
          old_standard_altar, trog_butcher_becter, chequers_avenue,
          serial_bayou_pond_d

Skill      XL: |  1  2  3 |
---------------+----------+-----
Conjurations   | 5 |  5.1
Short Blades   | |  0.2
Dodging        | |  1.7
Stealth        | |  2.6
Spellcasting   | |  2.8

Action                   |  1- 3 |  4- 6 || total
-------------------------+-------+-------++-------
Melee: Short sword       |    10 |     7 ||    17
       Bite              |     5 |     3 ||     8
       Punch             |     1 |       ||     1
 Cast: Magic Dart        |    83 |    20 ||   103
 Stab: Paralysed         |     1 |       ||     1
Armor: Robe              |     3 |     2 ||     5
Dodge: Dodged            |    13 |     5 ||    18

Table legend: (Time is in decaauts)
 A = Elapsed time spent in this place.
 B = Non-inter-level travel time spent in this place.
 C = Inter-level travel time spent in this place.
 D = Time resting spent in this place.
 E = Time spent auto-exploring this place.
 F = Levels seen in this place.
 G = Mean time per level.
                   A        B        C        D        E       F      G
               +--------+--------+--------+--------+--------+-----+--------+
         Total |   3192 |   3067 |    125 |    248 |   2547 |   3 | 1064.0 |
       Dungeon |   3192 |   3067 |    125 |    248 |   2547 |   3 | 1064.0 |
               +--------+--------+--------+--------+--------+-----+--------+

Top non-repeatable levels by time:
     D:2: 1535 daAuts
     D:1: 1368 daAuts
     D:3: 287 daAuts
